 Dungeon Crawl Stone Soup version 0.30-a0-916-g98134172ad (webtiles) character file.

Game seed: 16658314264251889367

2381 112233 the Thaumaturge (level 9, -1/58 HPs)
             Began as an Octopode Earth Elementalist on Mar 20, 2023.
             Was an Initiate of Gozag.
             Slain by a steam dragon (11 damage)
             ... on level 8 of the Dungeon.
             The game lasted 00:07:59 (7342 turns).

112233 the Thaumaturge (OpEE)                       Turns: 7342, Time: 00:08:00

Health: -1/58      AC:  1    Str:  6    XL:     9   Next: 45%
Magic:  22/30      EV: 14    Int: 25    God:    Gozag
Gold:   615        SH:  0    Dex: 12    Spells: 18/24 levels left

rFire   . . .      SeeInvis .    N - +10 spear of Destiny {vamp, rPois Will+ Str+2}
rCold   . . .      Faith    .    (no shield)
rNeg    . . .      Spirit   .    (helmet restricted)
rPois   +          Reflect  .    D - amulet of regeneration
rElec   .          Rampage  .    l - +4 ring of slaying
rCorr   .                        v - ring of magical power
Will    +....                    (no ring)
Stlth   +++                      (no ring)
HPRegen 1.09/turn                (no ring)
MPRegen 0.22/turn                (no ring)
                                 (no ring)
                                 (no ring)

@: gold aura
A: almost no armour, amphibious, 8 rings, camouflage 1, gelatinous body 1,
(nimble swimmer 1), tentacles, clever 1, weak 1
a: Renounce Religion, Potion Petition, Call Merchant, Bribe Branch


You were on level 8 of the Dungeon.
You worshipped Gozag.
Gozag was pleased with you.
You visited 2 branches of the dungeon, and saw 9 of its levels.
You also visited: Ossuary.

You collected 710 gold pieces.
You paid 95 gold pieces to Gozag.

Inventory:

Hand Weapons
 m - a +2 mace of holy wrath
 C - a +1 dagger of speed
 G - a +2 quarterstaff of holy wrath
 N - the +10 spear of Destiny (weapon) {vamp, rPois Will+ Str+2}
   (You found it on level 8 of the Dungeon)

   Str:       It affects your strength (+2).
   rPois:     It protects you from poison.
   Will:      It increases your willpower.
Missiles
 J - a throwing net
Armour
 t - a +0 buckler
Jewellery
 l - a +4 ring of slaying (left tentacle)
 v - a ring of magical power (right tentacle)
 D - an amulet of regeneration (around mantle)
Wands
 c - a wand of acid (11)
 M - a wand of digging (6)
Scrolls
 b - 2 scrolls of blinking {unknown}
 d - 12 scrolls of identify {unknown}
 e - 3 scrolls of enchant armour {unknown}
 h - a scroll of silence {unknown}
 j - 2 scrolls of fog {unknown}
 k - a scroll of magic mapping {unknown}
 p - a scroll of amnesia {unknown}
 q - 5 scrolls of teleportation {unknown}
 r - a scroll of summoning {unknown}
 s - 3 scrolls of enchant weapon {unknown}
 u - 2 scrolls of poison {unknown}
 y - a scroll of immolation {unknown}
 A - a scroll of noise {unknown}
 I - a scroll of brand weapon {unknown}
 K - a scroll of fear {unknown}
 L - a scroll of vulnerability {unknown}
Potions
 a - 2 potions of magic
 f - 3 potions of mutation
 g - a potion of resistance
 i - a potion of flight
 n - 2 potions of haste {unknown}
 o - a potion of ambrosia {unknown}
 w - a potion of invisibility {unknown}
 x - a potion of berserk rage {unknown}
 z - a potion of brilliance
 B - 5 potions of degeneration
 E - 2 potions of cancellation
 F - 2 potions of lignification
 H - a potion of curing


   Skills:
 + Level 4.2 Fighting
 + Level 4.8 Dodging
 - Level 2.6 Stealth
 + Level 8.1 Spellcasting
 - Level 1.0 Transmutations
 * Level 7.0 Earth Magic


You had 18 spell levels left.
You knew the following spells:

 Your Spells              Type           Power      Damage    Failure   Level
a - Sandblast             Erth           90%        2d19      1%          1
b - Stone Arrow           Conj/Erth      54%        3d10      4%          3
c - Passwall              Tmut/Erth      25%        N/A       1%          2

Your spell library contained the following spells:

 Spells                   Type           Power      Damage    Failure   Level
 Sting                    Tmut/Pois      48%        1d5       4%          1
 Poisonous Vapours        Pois/Air       20%        N/A       9%          2
 Petrify                  Tmut/Erth      30%        N/A       12%         4
 Olgreb's Toxic Radiance  Pois           10%        N/A       52%         4


Dungeon Overview and Level Annotations

Branches:
Dungeon (8/15)             Temple (1/1) D:6            Lair (0/5) D:8
Ossuary (visited)

Altars:
Ashenzari
Cheibriados
Dithmenos
Elyvilon
Fedhas
Gozag
Hepliaklqana
Kikubaaqudgha
Makhleb
Nemelex Xobeh
Okawaru
Qazlal
Ru
Sif Muna
Trog
Uskayaw
Wu Jian
Xom
Yredelemnul
Zin
The Shining One

Shops:
D:6 :


Innate Abilities, Weirdness & Mutations

You cannot wear most types of armour.
You are amphibious.
You can wear up to eight rings at the same time.
Your skin changes colour to match your surroundings (Stealth+).
Your rubbery body absorbs attacks. (AC +1, EV +1)
((You are camouflaged when in or above water. (Stealth+)))
You have tentacles for arms and can constrict up to eight enemies at once.
Your mind is acute. (Int +4, Str/Dex -1)
You are weak. (Str -2)


Message History

The bullfrog is distracted by your dazzling golden aura.
The steam dragon closely misses you. The steam dragon barely misses you.
A white imp comes into view.
Unknown command.
The steam dragon attacks as you move away!
The steam dragon barely misses you. The steam dragon claws you.
The shadow imp is engulfed in a cloud of scalding steam.
Casting: Stone Arrow (dangerous; 4% risk of failure)
Confirm with . or Enter, or press ? or * to list all spells.
Aiming: Stone Arrow (dangerous; 4% risk of failure)
Press: ? - help, Shift-Dir - straight line, f/p - steam dragon
Aim: a steam dragon (moderately wounded, 71% to hit)
The stone arrow hits the steam dragon.
The steam dragon is moderately wounded.
You hear a loud, deep croak!
The steam dragon breathes steam at you. The ball of steam hits you!
You hear an angry buzzing noise.
You hear a horrible gurgling sound!
Casting: Stone Arrow (dangerous; 4% risk of failure)
Confirm with . or Enter, or press ? or * to list all spells.
Aiming: Stone Arrow (dangerous; 4% risk of failure)
Press: ? - help, Shift-Dir - straight line, f/p - steam dragon
Aim: a steam dragon (moderately wounded, 71% to hit)
The stone arrow hits the steam dragon!
The steam dragon is severely wounded.
You are engulfed in a cloud of scalding steam.
You hear a horrible gurgling sound!
The bullfrog is distracted by your dazzling golden aura.
The steam dragon breathes steam at you. The ball of steam hits you!!
* * * LOW HITPOINT WARNING * * *
The bullfrog gives a loud, deep croak!
You hear an angry buzzing noise.
Unknown command.
You feel better.
You are engulfed in a cloud of scalding steam.
* * * LOW HITPOINT WARNING * * *
The bullfrog is no longer distracted by gold.
The steam dragon bites you!
You die...
Your body crumbles into a pile of gold.

###........#
.. #...
#..........#
#...
#......#.....
.......
##..#..###.#..
...#...
#####..# .#..
.. #..#
##...##.##..#
. #..
#...........#
#..
#.#####.#####
### ##D@#
#.5##§.# #F§
..# F5## ###
#.. #.# #. # $


You could see a steam dragon (catching breath), 2 bullfrogs, a white imp and a
shadow imp.

Vanquished Creatures
  A wyvern (D:7)
  A water moccasin (D:6)
  A sky beast (D:7)
  An ogre (D:7)
  6 centaurs
  A phantom (D:4)
  6 bullfrogs
  4 water moccasin zombies (Ossuary)
  2 jellies
  5 hounds
  A gnoll bouda (D:6)
  A sleepcap (D:5)
  Ijyb (D:3)
  2 orc wizards
  Natasha (twice) (D:3)
  2 iguanas
  3 mummies
  13 gnolls
  9 adders
  4 ufetubi
  3 adder zombies (Ossuary)
  A worm (D:2)
  2 dart slugs
  15 orcs
  6 endoplasms
  3 giant cockroaches (D:1)
  9 goblins
  6 hobgoblins
  4 jackals (D:5)
  7 kobolds
  A quokka (D:3)
  3 ball pythons
  4 bats
  2 frilled lizards
  6 gnoll zombies (Ossuary)
  7 hobgoblin zombies
  8 kobold zombies
  6 orc zombies
  2 quokka zombies (D:5)
  5 rats
166 creatures vanquished.

Vanquished Creatures (others)
  An orc (D:8)
1 creature vanquished.

Grand Total: 167 creatures vanquished

Notes
Turn   | Place    | Note
-------+----------+-------------------------------------------
     0 | D:1      | 112233 the Octopode Earth Elementalist began the quest for
                  | the Orb.
     0 | D:1      | Reached XP level 1. HP: 11/11 MP: 3/3
   136 | D:1      | Reached XP level 2. HP: 15/17 MP: 1/5
   303 | D:1      | Reached skill level 3 in Spellcasting
   409 | D:1      | Reached XP level 3. HP: 21/21 MP: 5/7
   570 | D:1      | Found a faded altar of an unknown god.
  1113 | D:2      | Learned a level 3 spell: Stone Arrow
  1116 | D:2      | Learned a level 2 spell: Passwall
  1228 | D:2      | Reached skill level 4 in Spellcasting
  1228 | D:2      | Reached XP level 4. HP: 27/27 MP: 8/10
  1935 | D:3      | Noticed Natasha
  1942 | D:3      | Killed Natasha
  2007 | D:3      | Found an ornate altar of the Wu Jian Council.
  2010 | D:3      | Found a white marble altar of Elyvilon.
  2020 | D:3      | Found a sparkling altar of Nemelex Xobeh.
  2023 | D:3      | Noticed Ijyb
  2028 | D:3      | Gained mutation: Your mind is acute. (Int +4, Str/Dex -1)
                  | [potion of mutation]
  2028 | D:3      | Gained mutation: You are weak. (Str -2) [potion of
                  | mutation]
  2035 | D:3      | Killed Ijyb
  2036 | D:3      | Reached XP level 5. HP: 17/31 MP: 1/12
  2115 | D:3      | Found a sacrificial altar of Ru.
  2120 | D:3      | Found a bloodstained altar of Trog.
  2124 | D:3      | Found a burning altar of Makhleb.
  2187 | D:3      | Noticed Natasha
  2192 | D:3      | Killed Natasha
  2193 | D:3      | Reached skill level 5 in Spellcasting
  2504 | D:4      | Found a hazy altar of Hepliaklqana.
  2894 | D:4      | Reached XP level 6. HP: 36/36 MP: 14/14
  2996 | D:4      | Reached skill level 6 in Spellcasting
  3388 | D:5      | Entered Level 5 of the Dungeon
  3454 | D:5      | Found a sand-covered staircase.
  3463 | Ossuary  | Entered an ossuary
  3491 | Ossuary  | Reached XP level 7. HP: 38/41 MP: 17/17
  3549 | Ossuary  | Reached skill level 7 in Spellcasting
  3773 | Ossuary  | Reached skill level 1 in Fighting
  4154 | D:5      | Reached XP level 8. HP: 28/49 MP: 18/18
  5224 | D:6      | Reached skill level 5 in Earth Magic
  5339 | D:6      | Found a staircase to the Ecumenical Temple.
  5349 | Temple   | Entered the Ecumenical Temple
  5371 | Temple   | Became a worshipper of Gozag Ym Sagoz the Greedy
  5567 | D:6      | Found Qadudua's Book Shoppe.
  6272 | D:7      | Noticed a wyvern
  6277 | D:7      | Killed a wyvern
  6278 | D:7      | Reached XP level 9. HP: 57/57 MP: 20/20
  6377 | D:7      | Found a stormy altar of Qazlal.
  6391 | D:7      | Found an iron altar of Okawaru.
  6454 | D:7      | Found a blossoming altar of Fedhas.
  6571 | D:7      | Reached skill level 8 in Spellcasting
  7224 | D:8      | Identified the +10 spear of Destiny {vamp, rPois Will+
                  | Str+2}
  7314 | D:8      | Found a staircase to the Lair.
  7342 | D:8      | Slain by a steam dragon

Illustrated notes

Levels and vault maps discovered:
D:1:      lordsloth_arrival_two_stooges, layout_rooms, basic_ecumenical_altar
D:2:      layout_loops_cross
D:3:      layout_basic, nicolae_overflow_hallway_of_the_gods,
          minmay_misc_feat_plants, uniq_ijyb, uniq_natasha
D:4:      layout_loops_ring, mainiacjoe_overflow_catwalk
D:5:      layout_gridville, enter_ossuary_4, corexii_leaking_fountain
D:6:      layout_basic, minmay_temple_entry_statues_pillars, serial_shops,
          nicolae_lakefront_shop, minmay_mini_ossuary
D:7:      layout_rooms, grunt_temple_overflow_forces_of_nature,
          okawaru_gym_becter
D:8:      minmay_the_grid_plus [minmay_the_grid_minigrid_medium,
          minmay_the_grid_empty, minmay_the_grid_minigrid_small,
          minmay_the_grid_empty, minmay_the_grid_prize_four_corners_diamond_a],
          layout_cave_pools, vehumet_statue
Temple:   nicolae_temple_ecumenical_triangle

Skill      XL: |  1  2  3  4  5  6  7  8  9 |
---------------+----------------------------+-----
Spellcasting   | 3 4 5 6 7 8 |  8.1
Fighting       | 1 3 4 |  4.2
Earth Magic    | 4 6 7 |  7.0
Dodging        | 4 |  4.8
Stealth        | |  2.6
Transmutations | |  1.0

Action                     |  1- 3 |  4- 6 |  7- 9 || total
---------------------------+-------+-------+-------++-------
  Melee: Unarmed           |     5 |       |       ||     5
         Tentacles         |     2 |     1 |     1 ||     4
         Constrict         |     2 |     1 |     1 ||     4
         Punch             |     1 |       |     1 ||     2
         Mace              |       |     3 |     6 ||     9
         Spear             |       |       |     1 ||     1
   Cast: Sandblast         |    50 |    89 |   132 ||   271
         Stone Arrow       |       |     2 |    46 ||    48
    Use: Potion            |       |     3 |    13 ||    16
 Armour: Skin              |     1 |     1 |    11 ||    13
  Dodge: Dodged            |     7 |    39 |    86 ||   132

Table legend: (Time is in decaauts)
 A = Elapsed time spent in this place.
 B = Non-inter-level travel time spent in this place.
 C = Inter-level travel time spent in this place.
 D = Time resting spent in this place.
 E = Time spent auto-exploring this place.
 F = Levels seen in this place.
 G = Mean time per level.
                   A        B        C        D        E       F      G
               +--------+--------+--------+--------+--------+-----+--------+
         Total |   7484 |   6863 |    621 |    218 |   5643 |  10 |  748.4 |
       Dungeon |   6964 |   6351 |    613 |    183 |   5291 |   8 |  870.5 |
        Temple |     82 |     74 |      8 |     35 |     20 |   1 |   82.0 |
       Ossuary |    437 |    437 |      0 |      0 |    332 |   1 |  437.0 |
               +--------+--------+--------+--------+--------+-----+--------+

Top non-repeatable levels by time:
     D:5: 1365 daAuts
     D:4: 1029 daAuts
     D:6: 977 daAuts
     D:3: 849 daAuts
     D:1: 842 daAuts
     D:2: 828 daAuts
     D:7: 777 daAuts
 Ossuary: 437 daAuts
     D:8: 295 daAuts
  Temple: 82 daAuts
